 Dungeon Crawl Stone Soup version 0.19-a0-990-gf36c7f1 (webtiles) character file.

325 FitzyFitz the Bolt Thrower (level 6, 0/35 HPs)
             Began as a Kobold Arcane Marksman on July 14, 2016.
             Slain by a gnoll
             ... wielding a cursed -3 club
              (3 damage)
             ... on level 2 of the Dungeon.
             The game lasted 00:10:25 (5108 turns).

FitzyFitz the Bolt Thrower (Kobold Arcane Marksman) Turns: 5108, Time: 00:10:25

Health: 0/35       AC:  3    Str: 10    XL:     6   Next: 78%
Magic:  7/7        EV: 14    Int: 13    God:
Gold:   169        SH:  0    Dex: 15    Spells: 2 memorised, 4 levels left

rFire  . . .     SeeInvis .     a - +1 short sword (speed)
rCold  . . .     Gourm    .     u - +0 leather armour
rNeg   . . .     Faith    .     (shield restricted)
rPois  .         Spirit   .     (no helmet)
rElec  .         Dismiss  .     (no cloak)
rCorr  .         Reflect  .     (no gloves)
SustAt .         Harm     .     (no boots)
MR     .....                    (no amulet)
Stlth  +.........               (no ring)
                                (no ring)

@: not resistant to hostile enchantments, very unstealthy
A: carnivore 3
a: no special abilities


You were on level 2 of the Dungeon.
You were very full.

You visited 1 branch of the dungeon, and saw 4 of its levels.

You collected 169 gold pieces.

Inventory:

Hand Weapons
 a - a +1 short sword of speed (weapon)
 b - a +0 arbalest
 g - a +0 hunting sling
 p - a cursed -1 dagger
 y - a +1 whip of venom
Missiles
 d - 13 bolts
 h - 96 arrows
 n - 54 sling bullets
 o - 139 stones (quivered)
 q - 7 steel tomahawks
 s - 3 tomahawks
 x - a throwing net
Armour
 e - a +0 robe
 u - a +0 leather armour (worn)
Magical Staves
 A - an uncursed staff of air
Scrolls
 i - 2 scrolls of remove curse
 j - 3 scrolls of identify {unknown}
 l - a scroll of random uselessness {unknown}
 r - 2 scrolls of blinking {unknown}
 t - 2 scrolls of enchant armour {unknown}
 w - a scroll of recharging {unknown}
 C - a scroll of amnesia {unknown}
 D - a scroll of teleportation {unknown}
 I - a scroll of fear {unknown}
 J - a scroll of noise {unknown}
Potions
 k - a potion of flight {unknown}
 v - a potion of degeneration {unknown}
 z - a potion of lignification {unknown}
 E - 2 potions of resistance {unknown}
 H - 2 potions of haste {unknown}
Books
 c - a book of Debilitation

   Spells                             Type                      Level
   a - Corona                         Hexes                        1
   b - Slow                           Hexes                        2
   c - Gell's Gravitas                Hexes/Translocation          3
   d - Inner Flame                    Hexes/Fire                   3
   e - Cause Fear                     Hexes                        4
   f - Leda's Liquefaction            Hexes/Earth                  4
Comestibles
 f - 2 meat rations
 m - a royal jelly
 B - a beef jerky
 F - a slice of pizza


   Skills:
 + Level 2.1 Fighting
 + Level 5.0 Short Blades
 * Level 6.0 Crossbows
 - Level 2.4 Dodging
 - Level 1.0 Spellcasting
 - Level 3.0 Hexes


You had 4 spell levels left.
You knew the following spells:

 Your Spells              Type           Power        Failure   Level  Hunger
a - Corona                Hex            #......      14%         1    ##.....
b - Slow                  Hex            #.......     21%         2    ###....


Dungeon Overview and Level Annotations

Branches:
Dungeon (4/15)
 Temple: D:4-7

Altars:
Ashenzari
Hepliaklqana
Kikubaaqudgha
Trog

Shops:
D:4 :

Annotations:
D:3 Carpet's ghost, amateur DDNe


Innate Abilities, Weirdness & Mutations

You are small and have problems with some larger weapons.
You are carnivorous and can eat meat at any time.


Message History

There is a stone staircase leading down here.
The gnoll hits you.
You climb downwards.
Level annotation: Carpet's ghost, amateur DDNe The orc hits you with a flail!
There is a stone staircase leading up here.
The gnoll hits you but does no damage. Carpet's ghost barely misses you.
The orc hits you with a flail.
You climb upwards.
The gnoll hits you with a club.
There is a stone staircase leading down here.
As you read the scroll labeled USAEHI VEOPLA, it crumbles to dust.
You feel blessed for a moment.
It was a scroll of remove curse.
The gnoll closely misses you. The gnoll hits you.
The gnoll hits you with a flail!
* * * LOW HITPOINT WARNING * * *
The gnoll barely misses you. The orc hits you with a flail.
* * * LOW HITPOINT WARNING * * *
The gnoll hits you with a club.
You die...

########.......#####'####.....
#.......................#.....
#.......................#.....
####.......................#....#
.................................
..........#.......#####'#+###....
..........#.......#####'#.###....
......#########..gg.......#......
......# #.@.o>.............
......# #...g..........#...
......# #..................
......# #########'#.#....#.
......# #...##.#.#. ......#
#################.#.#. #'#####
#gg..g..g.# #.#.g. #.# #g# #.#
###### #.# ##+#######.# #.g...


You could see 3 gnolls and an orc.

Vanquished Creatures
  A water moccasin skeleton (D:4)
  2 hounds (D:4)
  An iguana (D:4)
  6 gnolls
  4 adders
  An adder skeleton (D:4)
  An adder zombie (D:3)
  2 worms
  A dart slug (D:2)
  7 giant geckos
  5 orcs
  5 giant cockroaches
  7 goblins
  5 hobgoblins
  2 quokkas
  3 ball pythons
  7 bats
  A giant newt (D:2)
  8 kobolds
  8 rats
77 creatures vanquished.

Notes
Turn   | Place    | Note
-------+----------+-------------------------------------------
     0 | D:1      | FitzyFitz the Kobold Arcane Marksman began the quest for the Orb.
     0 | D:1      | Reached XP level 1. HP: 12/12 MP: 2/2
   313 | D:1      | Reached skill level 3 in Crossbows
   399 | D:1      | Reached XP level 2. HP: 12/16 MP: 3/3
   625 | D:1      | Reached skill level 1 in Short Blades
   904 | D:1      | Reached XP level 3. HP: 2/20 MP: 2/4
  1383 | D:1      | Learned a level 2 spell: Slow
  1643 | D:2      | Reached skill level 4 in Crossbows
  1643 | D:2      | Reached XP level 4. HP: 3/25 MP: 5/5
  2669 | D:3      | Noticed Carpet's ghost (amateur DDNe)
  2765 | D:2      | Reached XP level 5. HP: 25/29 MP: 4/6
  3271 | D:3      | Reached skill level 5 in Crossbows
  3378 | D:3      | Found an ancient bone altar of Kikubaaqudgha.
  3378 | D:3      | Found a shattered altar of Ashenzari.
  3531 | D:3      | Found a bloodstained altar of Trog.
  3552 | D:4      | Found Wurhunn's Book Shop.
  3835 | D:4      | Found a hazy altar of Hepliaklqana.
  3913 | D:4      | Reached XP level 6. HP: 22/34 MP: 4/7
  4300 | D:4      | Reached skill level 5 in Short Blades
  4851 | D:2      | Reached skill level 6 in Crossbows
  5108 | D:2      | Slain by a gnoll

Vault maps used:
D:1:      saegor_arrival_simple_e
D:3:      gammafunk_temple_overflow_statue, trog_three_pillars_becter,
          uniq_robin
D:4:      lemuel_crystal_altar, serial_shops, nicolae_shop_stone,
          dk_noncrumbling_3, tso_metal_star

Skill      XL: |  1  2  3  4  5  6 |
---------------+-------------------+-----
Crossbows      | 3 4 5 6 |  6.0
Short Blades   | 2 3 4 5 |  5.0
Fighting       | 2 |  2.1
Dodging        | |  2.4
Spellcasting   | |  1.0
Hexes          | |  3.0

Action                   |  1- 3 |  4- 6 || total
-------------------------+-------+-------++-------
Melee: Short sword       |    67 |   164 ||   231
       Unarmed           |     6 |       ||     6
       Staff             |       |    14 ||    14
 Fire: Hand crossbow     |    20 |    15 ||    35
       Hunting sling     |       |    28 ||    28
 Cast: Corona            |     4 |    24 ||    28
  Use: Scroll            |       |     1 ||     1
 Stab: Sleeping          |     1 |       ||     1
  Eat: Chunk             |    10 |    12 ||    22
Armor: Robe              |    14 |     4 ||    18
       Leather armour    |       |    21 ||    21
Dodge: Dodged            |    52 |   107 ||   159
